 Dungeon Crawl Stone Soup version 0.31-a0-1363-g282adc679d (webtiles) character file.

Game seed: 14780898533297195477

88 Ge0ff the Cutter (level 4, -4/35 HPs)
             Began as a Vampire Cinder Acolyte on Dec 23, 2023.
             Was a High Priest of Ignis.
             Slain by Pascal76's ghost (12 damage)
             ... on level 3 of the Dungeon.
             The game lasted 00:05:42 (2710 turns).

Ge0ff the Cutter (Vampire Cinder Acolyte)           Turns: 2710, Time: 00:05:43

Health: -4/35      AC:  2    Str: 13    XL:     4   Next: 30%
Magic:  16/16      EV: 11    Int: 18    God:    Ignis [*****.]
Gold:   119        SH:  0    Dex:  9    Spells: 5/7 levels left

rFire   + . .        a - +4 short sword of the Fortune-Teller {freeze, MP+9 Stlth+}
rCold   . . .        (no shield)
rNeg    . . .        b - +0 robe
rPois   .            (no helmet)
rElec   .            (no cloak)
rCorr   .            (no gloves)
SInv    +            (no boots)
Will    .....        (no amulet)
Stlth   +++          l - ring of flight
HPRegen 0.45/turn    (no ring)
MPRegen 0.15/turn

%: no passive effects
@: attractive, flying, healing quickly
A: alive, fangs 3, see invisible, vampiric 2
a: Exsanguinate, Renounce Religion, Fiery Armour, Foxfire Swarm, Rising Flame


You were on level 3 of the Dungeon.
You worshipped Ignis.
Ignis was extremely pleased with you.
You visited 1 branch of the dungeon, and saw 3 of its levels.

You collected 119 gold pieces.

Inventory:

Hand Weapons
 a - the +4 short sword of the Fortune-Teller (weapon) {freeze, MP+9 Stlth+}
   (You found it on level 3 of the Dungeon)

   MP+9:      It affects your magic capacity (+9).
   Stlth+:    It makes you more stealthy.
Missiles
 c - 32 stones
Armour
 b - a +0 robe (worn)
Jewellery
 l - a ring of flight (left hand)
Scrolls
 d - a scroll of fear {unknown}
 e - a scroll of acquirement {unknown}
 g - a scroll of amnesia
 i - a scroll of fog {unknown}
 j - a scroll of silence {unknown}
 m - a scroll of vulnerability {unknown}
 B - a scroll of blinking
 T - 2 scrolls of teleportation
Potions
 k - a potion of lignification {unknown}
 U - a potion of might {unknown}


   Skills:
 - Level 3.0 Fighting
 - Level 3.2 Short Blades
 - Level 2.0 Stealth
 + Level 2.4 Spellcasting
 + Level 3.2 Fire Magic


You had 5 spell levels left.
You knew the following spells:

 Your Spells              Type           Power      Damage    Failure   Level
C - Scorch                Fire           26%        2d6       7%          2

Your spell library contained the following spells:

 Spells                   Type           Power      Damage    Failure   Level


Dungeon Overview and Level Annotations

Branches:
Dungeon (3/15) Zot: 15296

Altars:
Ashenzari
Yredelemnul

Shops:
D:1 :

Annotations:
D:3 Pascal76's ghost, amateur MiFi


Innate Abilities, Weirdness & Mutations

Your natural rate of healing is accelerated.
You have razor-sharp teeth.
You have supernaturally acute eyesight. (SInv)
You are afflicted with vampirism and can become a bat while bloodless.


Message History

Found a stone staircase leading up.
There is an open door here.
W - the +4 short sword of the Fortune-Teller {freeze, MP+9 Stlth+} Adjust (i)tems, (s)pells, or (a)bilities?
W - the +4 short sword of the Fortune-Teller {freeze, MP+9 Stlth+} Adjust to which letter? (? for menu, Esc to quit)
a - the +4 short sword of the Fortune-Teller {freeze, MP+9 Stlth+}
W - a -1 short sword of flaming (weapon)
Your -1 short sword of flaming stops flaming.
The +4 short sword of the Fortune-Teller {freeze, MP+9 Stlth+} glows with a cold blue light!
a - the +4 short sword of the Fortune-Teller (weapon)
{freeze, MP+9 Stlth+} You drop a -1 short sword of flaming.
c - 32 stones (gained 2)
A frilled lizard comes into view.
Found a stone staircase leading down.
You can't see any susceptible monsters within range! (Use Z to cast anyway.) Flames lash the frilled lizard.
You kill the frilled lizard!
You now have 111 gold pieces (gained 8).
Found a leather armour.
Found a runed translucent door.
Pascal76's ghost turns its malevolent gaze towards you.
You now have 119 gold pieces (gained 8).
Press: ? - help, v - describe, . - travel, g - get item
Here: Pascal76's ghost (fire blocked by a runed translucent door) Item here: a leather armour.
The floor.
You reach down and open the door.
Casting: Scorch (safe; 7% risk of failure)
Confirm with . or Enter, or press ? or * to list all spells.
Flames lash Pascal76's ghost.
Pascal76's ghost is lightly damaged.
Pascal76's ghost's fire resistance burns away.
Pascal76's ghost hits you!
Casting: Scorch (safe; 7% risk of failure)
Confirm with . or Enter, or press ? or * to list all spells.
Flames lash Pascal76's ghost.
Pascal76's ghost is burned terribly!
Pascal76's ghost is moderately damaged.
Pascal76's ghost hits you!
* * * LOW HITPOINT WARNING * * *
Casting: Scorch (safe; 7% risk of failure)
Confirm with . or Enter, or press ? or * to list all spells.
Flames lash Pascal76's ghost.
Pascal76's ghost is moderately damaged.
Pascal76's ghost closely misses you.
It was a potion of attraction.
You feel attractive to monsters. Pascal76's ghost completely misses you.
It was a potion of magic.
Magic courses through your body. Pascal76's ghost hits you!
You die...

.................###..........#
###.#.....##.....<##..........#
#.......'.......##..........#
###.......##.....)##...####+###
.##.#.#<############...####.#
.##.#)........#♣8♣#+.......>#
.##......######.[.##....#####
.##...........##W###....#
.##.......#####.@.##....#
.###......# #...##....# .#
#......# ##.#####.## .#
#......# #.......# .# #......#
####.#### #########.# ...# ..#
#.######.#### #.# #####.....##
..###.....###.#


You could see Pascal76's ghost (combustible).

Vanquished Creatures
  3 gnolls (D:2)
  2 adders (D:2)
  A worm (D:3)
  6 ball pythons
  4 bats
  6 endoplasms
  2 giant cockroaches
  3 hobgoblins
  2 jackals (D:2)
  3 quokkas
  A frilled lizard (D:3)
  3 kobolds
  A rat (D:1)
37 creatures vanquished.

Vanquished Creatures (others)
  26 foxfires
26 creatures vanquished.

Grand Total: 63 creatures vanquished

Notes
Turn   | Place    | Note
-------+----------+-------------------------------------------
     0 | D:1      | Ge0ff the Vampire Cinder Acolyte began the quest for the
                  | Orb.
     0 | D:1      | Reached XP level 1. HP: 17/17 MP: 2/2
   178 | D:1      | Found a faded altar of an unknown god.
   190 | D:1      | Reached skill level 1 in Stealth
   224 | D:1      | Found Widizuu's Book Shoppe.
   257 | D:1      | Reached XP level 2. HP: 18/23 MP: 3/3
   260 | D:1      | Learned a level 2 spell: Scorch
  1213 | D:2      | Gained mutation: You are afflicted with vampirism and can
                  | become a bat while bloodless. [Vampire growth]
  1213 | D:2      | Reached XP level 3. HP: 25/29 MP: 2/5
  1438 | D:2      | Found a basalt altar of Yredelemnul.
  1872 | D:2      | Found a basalt altar of Yredelemnul.
  2048 | D:2      | Reached XP level 4. HP: 25/35 MP: 2/7
  2453 | D:3      | Found a broken altar of Ashenzari.
  2557 | D:3      | Identified the +4 short sword of the Fortune-Teller
                  | {freeze, MP+9 Stlth+}
  2700 | D:3      | Found a runed translucent door.
  2700 | D:3      | Noticed Pascal76's ghost (amateur MiFi)
  2710 | D:3      | Slain by Pascal76's ghost

Illustrated notes

Levels and vault maps discovered:
D:1:      minmay_arrival_open_corners, layout_basic,
          ebering_ecumenical_altar_abandoned, serial_shops,
          nicolae_shop_waterfront
D:2:      layout_rooms, basic_altar
D:3:      layout_basic, cheibrodos_ashenzari_chains, gammafunk_ghost_grave,
          minmay_pentangle

Skill      XL: |  1  2  3 |
---------------+----------+-----
Stealth        | 1 2 |  2.0
Fighting       | 3 |  3.0
Spellcasting   | 2 |  2.4
Fire Magic     | 3 |  3.2
Short Blades   | |  3.2

Action                     |  1- 3 |  4- 6 || total
---------------------------+-------+-------++-------
  Melee: Short sword       |    60 |     2 ||    62
         Bite              |     2 |     1 ||     3
   Cast: Scorch            |    24 |     9 ||    33
 Invoke: Foxfire Swarm     |     1 |     1 ||     2
    Use: Scroll            |     3 |       ||     3
         Potion            |       |     2 ||     2
   Stab: Sleeping          |     1 |       ||     1
 Armour: Robe              |    39 |     5 ||    44
  Dodge: Dodged            |    52 |     7 ||    59

Table legend: (Time is in decaauts)
 A = Elapsed time spent in this place.
 B = Non-inter-level travel time spent in this place.
 C = Inter-level travel time spent in this place.
 D = Time resting spent in this place.
 E = Time spent auto-exploring this place.
 F = Levels seen in this place.
 G = Mean time per level.
                   A        B        C        D        E       F      G
               +--------+--------+--------+--------+--------+-----+--------+
         Total |   2702 |   2643 |     59 |     68 |   2192 |   3 |  900.7 |
       Dungeon |   2702 |   2643 |     59 |     68 |   2192 |   3 |  900.7 |
               +--------+--------+--------+--------+--------+-----+--------+

Top non-repeatable levels by time:
     D:1: 1266 daAuts
     D:2: 1032 daAuts
     D:3: 403 daAuts
